 Dungeon Crawl Stone Soup version 0.17.1-1-g73c8601 (webtiles) character file.

37 JustSomeDude the Skirmisher (level 3, 0/34 HPs)
             Began as a Naga Fighter on Dec 17, 2015.
             Was a Follower of Vehumet.
             Slain by a quokka (1 damage)
             ... on level 2 of the Dungeon.
             The game lasted 00:04:56 (1027 turns).

JustSomeDude the Skirmisher (Naga Fighter)          Turns: 1027, Time: 00:04:57

Health: 0/34       AC:  5    Str: 18    XL:     3   Next: 39%
Magic:  3/3        EV:  5    Int:  8    God:    Vehumet [*.....]
Gold:   68         SH:  8    Dex: 11    Spells: 0 memorised, 2 levels left

rFire  . . .     SeeInvis +     a - +0 war axe
rCold  . . .     Clarity  .     b - +0 scale mail
rNeg   . . .     SustAt   .     c - +0 shield
rPois  +         Gourm    .     (no helmet)
rElec  .         Spirit   .     (no cloak)
rCorr  .         Warding  .     h - +0 pair of gloves
rMut   .         Stasis   .     (no barding)
MR     .....                    (no amulet)
Stlth  ..........               (no ring)
                                (no ring)

@: lethally poisoned (0 -> -3), very slow, not resistant to hostile
enchantments, extremely unstealthy
A: see invisible, deformed body, poison resistance, slowness 2, slow metabolism
1, spit poison 2, AC +1
a: Spit Poison, Renounce Religion


You were on level 2 of the Dungeon.
You worshipped Vehumet.
Vehumet was aware of your devotion.
You were not hungry.

You visited 1 branch of the dungeon, and saw 2 of its levels.

You collected 68 gold pieces.

Inventory:

Hand Weapons
 a - a +0 war axe (weapon)
Armour
 b - a +0 scale mail (worn)
 c - a +0 shield (worn)
 h - a +0 pair of gloves (worn)
Jewellery
 o - an uncursed ring of protection from fire {unknown}
Scrolls
 f - a scroll of amnesia {unknown}
 i - a scroll of identify {unknown}
 k - a scroll of immolation {unknown}
 m - a scroll of teleportation {unknown}
Potions
 d - a potion of might
 g - a potion of magic {unknown}
 j - a potion of lignification {unknown}
 l - a potion of heal wounds {unknown}
Comestibles
 e - a bread ration
 n - a meat ration
 p - a royal jelly


   Skills:
 + Level 3.4 Fighting
 + Level 2.2 Axes
 + Level 2.7 Armour
 + Level 2.8 Shields


You had 2 spell levels left.
You didn't know any spells.

Dungeon Overview and Level Annotations

Branches:
Dungeon (2/15)

Altars:
Vehumet


Innate Abilities, Weirdness & Mutations

You cannot wear boots.
Your serpentine skin is tough (AC +1).
You have supernaturally acute eyesight.
Armour fits poorly on your strangely shaped body.
Your system is resistant to poisons.
You cover ground very slowly.
You have a slow metabolism.
You can spit poison.


Message History

The quokka bites you but does no damage.
The adder barely misses you.
The quokka bites you but does no damage.
The adder bites you but does no damage.
You closely miss the adder.
The adder is almost dead.
You hit the quokka but do no damage.
The quokka is almost dead.
* * * LOW HITPOINT WARNING * * *
You feel sick. The adder bites you but does no damage.
The quokka bites you but does no damage.
The adder bites you.
* * * LOW HITPOINT WARNING * * *
You block the quokka's attack.
You miss the adder.
The adder is almost dead.
You miss the quokka.
The quokka is almost dead.
You block the adder's attack. The quokka bites you.
You die...

#.. .............# ###.
.............# #...
.............# #...
........$....# #...
.............# #...
.............########...
......rS....# #....)....
#@#######.........
#...............##
#########.(.....#
#....)..# #.......#
#.......# #########


You could see an adder and a quokka.

Vanquished Creatures
  An ooze (D:1)
  6 goblins
  4 hobgoblins
  5 jackals (D:1)
  4 bats
  4 giant newts
  4 kobolds
  A rat (D:1)
29 creatures vanquished.

Notes
Turn   | Place    | Note
--------------------------------------------------------------
     0 | D:1      | JustSomeDude the Naga Fighter began the quest for the Orb.
     0 | D:1      | Reached XP level 1. HP: 21/21 MP: 1/1
   218 | D:1      | Reached XP level 2. HP: 17/28 MP: 2/2
   704 | D:1      | Reached XP level 3. HP: 26/34 MP: 3/3
   877 | D:2      | Found a radiant altar of Vehumet.
   917 | D:2      | Found a faded altar to an unknown god.
   968 | D:2      | Became a worshipper of Vehumet
   968 | D:2      | Reached * piety under Vehumet
   968 | D:2      | Offered knowledge of Sandblast by Vehumet.
  1026 | D:2      | HP: 1/34 [adder (3)]
  1027 | D:2      | Slain by a quokka

Action                   || total
-------------------------++-------
Melee: War axe           ||    98
 Abil: Spit Poison       ||     1
